 Dungeon Crawl Stone Soup version 0.29.1-1-gd02db6906a (webtiles) character file.

Game seed: 15850517680348097594

2507 nbgmgr the Carver (level 9, 0/72 HPs)
             Began as a Demonspawn Cinder Acolyte on Oct 20, 2022.
             Was a High Priest of Ignis.
             Slain by a sky beast (6 damage)
             ... on level 7 of the Dungeon.
             The game lasted 00:16:18 (7699 turns).

nbgmgr the Carver (Demonspawn Cinder Acolyte)       Turns: 7699, Time: 00:16:18

Health: 0/72       AC: 14    Str: 18    XL:     9   Next: 28%
Magic:  10/10      EV: 10    Int: 15    God:    Ignis [*****.]
Gold:   322        SH:  0    Dex: 14    Spells: 10/10 levels left

rFire   + . .      SeeInvis .   I - +2 falchion (vamp)
rCold   . . .      Faith    .   (no shield)
rNeg    . . .      Spirit   .   g - +0 chain mail
rPois   .          Reflect  .   (helmet restricted)
rElec   .          Harm     .   N - +0 cloak
rCorr   .          Rampage  .   L - +0 pair of gloves
Will    +....                   l - +0 pair of boots
Stlth   +.........              h - amulet of the acrobat
HPRegen 0.22/turn               c - +4 ring of evasion
MPRegen 0.12/turn               o - ring of willpower

@: corroded, fiery-armoured
A: horns 2, thin skeletal structure 2, ignite blood 2, spiny 2
a: Renounce Religion, Fiery Armour, Foxfire Swarm, Rising Flame


You were on level 7 of the Dungeon.
You worshipped Ignis.
Ignis was extremely pleased with you.
You visited 1 branch of the dungeon, and saw 7 of its levels.
You also visited: Sewer.

You collected 322 gold pieces.

Inventory:

Hand Weapons
 a - a -1 falchion of flaming
 b - a +1 sling of flaming
 k - a +0 great sword
 H - a +0 arbalest
 I - a +2 vampiric falchion (weapon)
Missiles
 e - 21 poisoned darts (quivered)
 f - 60 stones
Armour
 d - a +0 robe
 g - a +0 chain mail (worn)
 l - a +0 pair of boots (worn)
 L - a +0 pair of gloves (worn)
 N - a +0 cloak (worn)
Magical Staves
 A - a staff of poison
Jewellery
 c - a +4 ring of evasion (left hand)
 h - an amulet of the acrobat (around neck)
 j - an amulet of guardian spirit
 o - a ring of willpower (right hand)
 p - a ring of magical power
 x - a +6 ring of dexterity
 y - a ring of see invisible
Wands
 E - a wand of roots (12)
Scrolls
 i - 5 scrolls of identify {unknown}
 m - a scroll of acquirement {unknown}
 q - a scroll of amnesia {unknown}
 s - 3 scrolls of brand weapon {unknown}
 t - 5 scrolls of teleportation {unknown}
 v - a scroll of fear {unknown}
 z - 2 scrolls of fog {unknown}
 B - 2 scrolls of enchant weapon {unknown}
 C - a scroll of poison {unknown}
 G - a scroll of enchant armour {unknown}
Potions
 n - 3 potions of haste {unknown}
 r - a potion of ambrosia {unknown}
 u - a potion of attraction {unknown}
 w - 3 potions of might {unknown}
 D - a potion of cancellation {unknown}
 F - 2 potions of lignification {unknown}
 J - a potion of invisibility {unknown}
 K - a potion of mutation {unknown}
 M - 2 potions of curing {unknown}
 O - a potion of degeneration {unknown}


   Skills:
 + Level 7.0 Fighting
 - Level 10.0 Long Blades
 - Level 3.0 Stealth
 - Level 1.0 Spellcasting
 - Level 2.6 Fire Magic


You had 10 spell levels left.
You didn't know any spells.
Your spell library contained the following spells:

 Spells                   Type           Power      Damage    Failure   Level
 Scorch                   Fire           16%        2d5       89%         2
 Blink                    Tloc           0%         N/A       99%         2
 Static Discharge         Conj/Air       0%         3-3/arc   99%         2
 Sublimation of Blood     Necr           0%         N/A       99%         2
 Wereblood                Tmut           0%         N/A       99%         2
 Lesser Beckoning         Tloc           0%         N/A       100%        3
 Tukima's Dance           Hex            0%         N/A       100%        3
 Hailstorm                Conj/Ice       0%         3d3       100%        4
 Ice Form                 Ice/Tmut       0%         N/A       100%        4
 Passage of Golubria      Tloc           0%         N/A       100%        4
 Lightning Bolt           Conj/Air       0%         1d11      100%        5
 Manifold Assault         Tloc           0%         N/A       100%        5
 Yara's Violent Unravell  Hex/Tmut       0%         3d3       100%        5
 Simulacrum               Ice/Necr       0%         N/A       100%        6
 Summon Hydra             Summ           0%         N/A       100%        7
 Maxwell's Capacitive Co  Air            0%         ∞         100%        8


Dungeon Overview and Level Annotations

Branches:
Dungeon (7/15)             Temple (0/1) D:4           Sewer (visited)

Altars:
Ashenzari
Cheibriados
Hepliaklqana
Nemelex Xobeh
Trog
Uskayaw
Vehumet

Shops:
D:3 =   D:4 [

Annotations:
D:1 exclusion: downstairs
D:2 exclusion: downstairs


Innate Abilities, Weirdness & Mutations

You have a pair of horns on your head.
You have a moderately thin skeletal structure. (Dex +4, Stealth++)
Your demonic aura often causes spilled blood to erupt in flames.
You are mostly covered in sharp spines.


Message History

Deactivating autopickup; reactivate with Ctrl-A.
You hit the acid dragon but do no damage.
You hit the acid dragon. Your headbutt misses the acid dragon.
The acid dragon is lightly wounded.
The acid dragon spits acid at you. The splash of acid misses you.
You barely miss the acid dragon.
The acid dragon is lightly wounded.
The acid dragon barely misses you.
The acid dragon claws you but does no damage.
The scorpion closely misses you.
You slash the scorpion! You headbutt the scorpion.
The scorpion is severely wounded.
The scorpion is struck by your spines.
The scorpion stings you but does no damage.
The acid dragon is struck by your spines.
The acid dragon bites you.
The acid dragon claws you but does no damage.
A sky beast appears from thin air!
Reactivating autopickup.
The acid dragon attacks as you move away!
The acid dragon is struck by your spines.
The acid dragon bites you! The acid dragon claws you.
The acid dragon spits acid at you. The splash of acid hits you!!
You hear a shout!
You closely miss the scorpion. You headbutt the scorpion.
You kill the scorpion!
The acid dragon spits acid at you. The splash of acid hits you!!
* * * LOW HITPOINT WARNING * * *
The acid corrodes you!
Training target 10.0 for Long Blades reached!
Your Long Blades skill increases to level 10!
You need to enable at least one skill for training.
A protective cloak of flame settles atop you.
The sky beast hits you.
* * * LOW HITPOINT WARNING * * *
The sky beast shocks you.
You die...

#......._......
#...≈§.....≈≈..
#...≈..≈.≈..≈..
#.#...≈≈.≈≈...#
#.##.........##
#..#...)....###
################..........
..........YF5).#..########
.........@☼D5..#..# ##....
.#####..#####..#..# #..###
.....#..#.5s)..#..###.##
.....#..#..F...#..##..# ##
###..#..#..#####.)##..# #.
.....#..#......#..##..# #.
.....#..#......#..##..# #.
.#####..#####..#..##..####
.....#..#...D..#.)##...##.


You could see an acid dragon, a sky beast, a bullfrog, a shadow imp and an
ufetubus.

Vanquished Creatures
  Sigmund (D:3)
  A yak (D:5)
  An orc warrior (D:7)
  Pargi (Sewer)
  A sky beast (D:7)
  An ice beast (D:6)
  3 black bears
  An ogre (D:6)
  A centaur (D:6)
  2 kobold brigands (D:7)
  A gnoll sergeant (D:5)
  3 bullfrogs (D:6)
  2 necrophages
  2 scorpions
  A hound (D:5)
  A gnoll bouda (D:6)
  5 iguanas
  Natasha (thrice) (D:4)
  5 orc wizards
  Robin (D:2)
  16 gnolls
  7 adders
  A river rat (D:3)
  A shadow imp (D:4)
  A white imp (D:6)
  2 worms (D:3)
  2 dart slugs
  24 orcs
  3 ball pythons
  3 bats (D:2)
  5 endoplasms
  5 giant cockroaches
  16 goblins
  8 hobgoblins
  6 jackals
  16 kobolds
  4 quokkas
  8 frilled lizards
  7 rats
172 creatures vanquished.

Vanquished Creatures (others)
  10 plants
10 creatures vanquished.

Grand Total: 182 creatures vanquished

Notes
Turn   | Place    | Note
-------+----------+-------------------------------------------
     0 | D:1      | nbgmgr the Demonspawn Cinder Acolyte began the quest for
                  | the Orb.
     0 | D:1      | Reached XP level 1. HP: 18/18 MP: 2/2
   265 | D:1      | Reached skill level 1 in Stealth
   707 | D:1      | Gained mutation: You have a pair of small horns on your
                  | head. [demonic ancestry]
   707 | D:1      | Reached XP level 2. HP: 22/24 MP: 3/3
  1689 | D:2      | Gained mutation: Your demonic aura sometimes causes spilled
                  | blood to erupt in flames. [demonic ancestry]
  1689 | D:2      | Reached XP level 3. HP: 28/29 MP: 4/4
  1750 | D:2      | Reached skill level 3 in Long Blades
  2164 | D:2      | Found a faded altar of an unknown god.
  2318 | D:2      | Gained mutation: You are partially covered in sharp spines.
                  | [demonic ancestry]
  2318 | D:2      | Reached XP level 4. HP: 32/35 MP: 5/5
  2745 | D:2      | Noticed Robin
  2765 | D:2      | Killed Robin
  2766 | D:2      | Reached skill level 4 in Long Blades
  2878 | D:3      | Found a hide-covered altar of Uskayaw.
  2960 | D:3      | Gained mutation: You have a somewhat thin skeletal
                  | structure. (Dex +2, Stealth+) [demonic ancestry]
  2960 | D:3      | Reached XP level 5. HP: 22/41 MP: 6/6
  2994 | D:3      | Found a glowing drain.
  2998 | Sewer    | Entered a sewer
  3129 | Sewer    | Noticed Pargi
  3145 | Sewer    | Killed Pargi
  3146 | Sewer    | Reached skill level 5 in Long Blades
  3609 | D:3      | Gained mutation: Your demonic aura often causes spilled
                  | blood to erupt in flames. [demonic ancestry]
  3609 | D:3      | Reached XP level 6. HP: 47/47 MP: 7/7
  3618 | D:3      | Found Retzoigi's Jewellery Shoppe.
  3624 | D:3      | Noticed Sigmund
  3823 | D:3      | Found a snail-covered altar of Cheibriados.
  3990 | D:3      | Killed Sigmund
  3991 | D:3      | Reached skill level 6 in Long Blades
  4088 | D:3      | Found a faded altar of an unknown god.
  4091 | D:3      | Found a sparkling altar of Nemelex Xobeh.
  4136 | D:3      | Gained mutation: You are mostly covered in sharp spines.
                  | [demonic ancestry]
  4136 | D:3      | Reached XP level 7. HP: 50/52 MP: 8/8
  4217 | D:4      | Found Upaempim's Antique Armour Shop.
  4257 | D:4      | Found a staircase to the Ecumenical Temple.
  4267 | D:4      | Reached skill level 7 in Long Blades
  4279 | D:4      | Noticed Natasha
  4284 | D:4      | Killed Natasha
  4371 | D:4      | Noticed Natasha
  4375 | D:4      | Killed Natasha
  4453 | D:4      | Found a broken altar of Ashenzari.
  4521 | D:4      | Noticed Natasha
  4551 | D:4      | Killed Natasha
  5139 | D:5      | Entered Level 5 of the Dungeon
  5252 | D:5      | Found a radiant altar of Vehumet.
  5532 | D:5      | Noticed a yak
  5536 | D:5      | Killed a yak
  5537 | D:5      | Reached skill level 5 in Fighting
  5564 | D:5      | Gained mutation: You have a moderately thin skeletal
                  | structure. (Dex +4, Stealth++) [demonic ancestry]
  5564 | D:5      | Reached XP level 8. HP: 54/64 MP: 9/9
  5830 | D:5      | You fall into a shaft and drop 1 floor!
  6135 | D:6      | Reached skill level 8 in Long Blades
  7293 | D:6      | Reached skill level 9 in Long Blades
  7347 | D:7      | Gained mutation: You have a pair of horns on your head.
                  | [demonic ancestry]
  7347 | D:7      | Reached XP level 9. HP: 71/72 MP: 10/10
  7528 | D:7      | Found a bloodstained altar of Trog.
  7590 | D:7      | Found a hazy altar of Hepliaklqana.
  7699 | D:7      | Reached skill level 10 in Long Blades
  7699 | D:7      | Slain by a sky beast

Illustrated notes

Levels and vault maps discovered:
D:1:      elethiomel_arrival_quiet, layout_basic
D:2:      layout_loops_ring, hellmonk_ecumenical_altar_lost_god,
          chequers_serial_rivers_micro_d, minmay_strange_pillars,
          kennysheep_doodads, serial_bayou_ford_a, uniq_robin
D:3:      layout_rooms, lemuel_crystal_altar, nicolae_overflow_ecumenical_swirl,
          lemuel_coloured_pillars_altar, serial_shops, shop,
          gup_sewer_entry_spiral, reono_crystal_passage, kennysheep_nub,
          uniq_sigmund
D:4:      layout_basic, nicolae_ashenzari_skybound,
          minmay_temple_entry_purple_smoke, serial_shops, shop, serial_bayou,
          serial_bayou_pond_b, serial_bayou_pond_e, serial_bayou_pond_e,
          serial_bayou_lagoon_b, lemuel_flame_loot_1, uniq_natasha
D:5:      minmay_angry_zag, layout_basic, kennysheep_little_box,
          elyvilon_altar_5
D:6:      layout_basic
D:7:      kennysheep_windowed_halls, layout_cave_pools,
          fedhas_bush_and_centaur_altar, okawaru_humans,
          nicolae_hepliaklqana_hippocampus, mainiacjoe_overflow_small_starburst

Skill      XL: |  1  2  3  4  5  6  7  8  9 |
---------------+----------------------------+-----
Stealth        | 1 2 3 |  3.0
Long Blades    | 3 4 5 6 7 9 10 | 10.0
Fighting       | 6 7 |  7.0
Spellcasting   | |  1.0
Fire Magic     | |  2.6

Action                   |  1- 3 |  4- 6 |  7- 9 || total
-------------------------+-------+-------+-------++-------
Melee: Falchion          |   102 |    99 |   201 ||   402
       Punch             |     1 |     1 |       ||     2
       Headbutt          |    11 |    17 |    37 ||    65
 Fire: Sling             |     1 |     3 |       ||     4
Invok: Fiery Armour      |       |     1 |     1 ||     2
Armor: Chain mail        |    35 |    44 |    65 ||   144
       Robe              |     3 |       |       ||     3
Dodge: Dodged            |    95 |    76 |   100 ||   271
